 Dungeon Crawl Stone Soup version 0.29.1-1-gd02db6906a (webtiles) character file.

Game seed: 10948438101392261880

41 cdecastro the Sneak (level 3, -4/18 HPs)
             Began as a Vine Stalker Brigand on Oct 19, 2022.
             Killed by divine providence
             ... invoked by an orc priest
              (11 damage)
             ... on level 3 of the Dungeon.
             The game lasted 00:01:40 (1572 turns).

cdecastro the Sneak (Vine Stalker Brigand)          Turns: 1572, Time: 00:01:41

Health: -4/18      AC:  3    Str: 13    XL:     3   Next: 52%
Magic:  0/4        EV: 11    Int: 13    God:
Gold:   167        SH:  0    Dex: 15    Spells: 2/2 levels left

rFire   . . .      SeeInvis .   a - +2 dagger
rCold   . . .      Faith    .   (no shield)
rNeg    . . .      Spirit   +   b - +0 robe
rPois   .          Reflect  .   (no helmet)
rElec   .          Harm     .   c - +0 cloak
rCorr   .          Rampage  .   (no gloves)
Will    .....                   (no boots)
Stlth   +++.......              (no amulet)
HPRegen 0.06/turn               (no ring)
MPRegen 0.09/turn               (no ring)

@: no status effects
A: fangs 2, magic shield, antimagic bite, no potion heal 2
a: no special abilities


You were on level 3 of the Dungeon.
You visited 1 branch of the dungeon, and saw 3 of its levels.

You collected 167 gold pieces.

Inventory:

Hand Weapons
 a - a +2 dagger (weapon)
Missiles
 d - 9 poisoned darts (quivered)
 e - 3 curare-tipped darts
 k - 15 stones
 p - 3 boomerangs
Armour
 b - a +0 robe (worn)
 c - a +0 cloak (worn)
Scrolls
 f - 2 scrolls of teleportation {unknown}
 i - 3 scrolls of enchant weapon {unknown}
 j - 3 scrolls of identify {unknown}
 l - a scroll of noise {unknown}
 m - a scroll of poison {unknown}
 n - a scroll of fear {unknown}
 o - 3 scrolls of acquirement {unknown}
 q - a scroll of vulnerability {unknown}
Potions
 g - a potion of curing {unknown}
 h - a potion of cancellation {unknown}


   Skills:
 - Level 1.7 Fighting
 - Level 1.7 Short Blades
 + Level 3.4 Throwing
 - Level 0.7 Dodging
 - Level 4.8 Stealth


You had 2 spell levels left.
You didn't know any spells.
Your spell library contained the following spells:

 Spells                   Type           Power      Damage    Failure   Level
 Apportation              Tloc           0%         N/A       30%         1
 Alistair's Intoxication  Tmut/Pois      0%         N/A       100%        5


Dungeon Overview and Level Annotations

Branches:
Dungeon (3/15)

Altars:


Innate Abilities, Weirdness & Mutations

You have extremely sharp teeth.
When hurt, damage is shared between your health and your magic reserves.
Your bite disrupts and absorbs the magic of your enemies.
Potions cannot restore your health.


Message History

The hobgoblin shouts!
The hobgoblin hits you but does no damage.
You hit the hobgoblin. Your bite misses the hobgoblin.
The hobgoblin is severely wounded.
The hobgoblin hits you.
You hit the hobgoblin but do no damage. Your bite misses the hobgoblin.
The hobgoblin is severely wounded.
The hobgoblin completely misses you.
You hit the hobgoblin but do no damage. Your bite misses the hobgoblin.
The hobgoblin is severely wounded.
The hobgoblin hits you.
You are too injured to fight recklessly!
You hit the hobgoblin but do no damage.
You bite the hobgoblin, but do no damage.
The hobgoblin is severely wounded.
The hobgoblin barely misses you.
You hit the hobgoblin.
You kill the hobgoblin!
You see here a hobgoblin corpse.
HP restored.
There is a dry fountain here.
You now have 167 gold pieces (gained 10).
q - a scroll labelled HACU VATEZA A giant cockroach comes into view.
A giant cockroach is nearby!
An orc priest comes into view. It is wielding a +0 hand axe.
The helpless giant cockroach fails to defend itself.
You impale the giant cockroach!!
You kill the giant cockroach!
The orc shouts!
The orc priest shouts!
The orc shouts!
You hear an angry hiss.
You hear a shout!
The orc priest calls down the wrath of Beogh upon you.
Beogh smites you!
Ouch! That really hurt!
* * * LOW HITPOINT WARNING * * *
A frilled lizard comes into view.
The orc priest invokes the aid of Beogh against you.
Beogh smites you!
Ouch! That really hurt!
You die...

....# ... ..
+##.#.#l##.## ...
#...^.#.##..###...
#.....#.##......
+.⌠...#o##.....
#†....#.o...o#
###.##..#.##...#.#
##.'###..#........##
#...#
#.@..o.........
#.⌠.#
#.##.####.#.###
#...# #...... .# ..
##<## ####.### # .
### #.# #..# #.#
#..# #.# #..# #.#
#.. ...


You could see an orc priest and an orc.

Vanquished Creatures
  2 worms (D:2)
  An orc (D:2)
  5 bats
  4 endoplasms
  3 giant cockroaches
  2 goblins (D:1)
  4 hobgoblins
  2 jackals (D:2)
  A ball python (D:2)
  A frilled lizard (D:1)
  4 kobolds
  A rat (D:1)
30 creatures vanquished.

Notes
Turn   | Place    | Note
-------+----------+-------------------------------------------
     0 | D:1      | cdecastro the Vine Stalker Brigand began the quest for the
                  | Orb.
     0 | D:1      | Reached XP level 1. HP: 11/11 MP: 2/2
   328 | D:1      | Reached XP level 2. HP: 15/15 MP: 3/3
   878 | D:2      | Reached XP level 3. HP: 18/18 MP: 4/4
  1572 | D:3      | Killed from afar by an orc priest

Illustrated notes

Levels and vault maps discovered:
D:1:      wander_arrival_fairy_ring, layout_rooms
D:2:      layout_basic
D:3:      layout_basic, hellmonk_ecumenical_altar_inner_sanctum,
          grunt_ministairs_4, nicolae_shop_unique_rings,
          dreamdust_princess_corridor

Skill      XL: |  1  2 |
---------------+-------+-----
Throwing       | 2 3 |  3.4
Fighting       | |  1.7
Short Blades   | |  1.7
Dodging        | |  0.7
Stealth        | |  4.8

Action                   || total
-------------------------++-------
Melee: Dagger            ||    61
       Bite              ||    15
 Stab: Sleeping          ||    12
Armor: Robe              ||     9
Dodge: Dodged            ||    23
